Map: Winter Madness LE

Players

BabyMarine

  • Race: Terran Terran
  • Spawn Location: 5:00

SKillous - Winner!

  • Race: Protoss Protoss
  • League: Master
  • Spawn Location: 11:00

VOD

Have the link to the VOD?

Description

Time

  • Played on: Jan. 31, 2026, 11:29 a.m.
  • Length: 10:33
Show
View Real Time Build Order
Export as new Build Order

BabyMarine Terran 

Build Orders: Banshee Rush 

Get SALT Encoding   

  12  0:00  SCV  
  13  0:12  SCV  
  14  0:17  Supply Depot  
  14  0:24  SCV  
  15  0:38  SCV  
  15  0:39  Barracks  
  16  0:43  Refinery  
  16  0:50  SCV  
  16  0:52  Refinery  
  17  1:02  SCV  
  18  1:14  SCV  
  19  1:26  Reaper  
  19  1:27  Orbital Command  
  19  1:29  Supply Depot  
  20  1:43  Factory  
  20  1:53  SCV  
  21  1:58  Barracks Reactor  
  21  2:05  SCV  
  22  2:16  Command Center  
  22  2:20  SCV  
  23  2:27  Hellion  
  25  2:32  SCV  
  25  2:34  Reaper x2  
  28  2:39  Supply Depot  
  28  2:45  SCV  
  28  2:51  Hellion  
  31  2:56  Starport  
  31  3:00  SCV  
  32  3:06  Marine x2  
  34  3:12  Factory Tech Lab  
  34  3:14  SCV  
  35  3:24  Marine x2  
  35  3:26  SCV  
  38  3:38  SCV  
  39  3:42  Marine x2  
  39  3:45  Factory Tech Lab  
  41  3:48  Cloaking Field, Banshee  
  41  3:49  Orbital Command  
  41  3:53  SCV  
  43  3:59  Marine  
  43  4:00  Supply Depot  
  44  4:05  Siege Tank  
  44  4:06  SCV  
  48  4:15  SCV  
  49  4:18  SCV  
  49  4:21  Barracks  
  49  4:22  Marine x2  
  52  4:25  Supply Depot  
  52  4:27  SCV  
  53  4:32  Banshee  
  53  4:38  SCV  
  56  4:39  SCV  
  56  4:40  Marine x2  
  59  4:47  Siege Tank  
  59  4:52  Barracks  
  62  4:55  SCV x2  
  62  4:59  Supply Depot  
  64  5:00  Supply Depot  
  64  5:01  Marine  
  64  5:03  Marine  
  67  5:07  SCV x2  
  68  5:15  Refinery, Supply Depot  
  68  5:19  Stimpack  
  68  5:21  Starport Reactor, Marauder  
  68  5:23  Marine x2  
  70  5:31  SCV x2  
  70  5:34  Factory Reactor  
  72  5:36  Engineering Bay  
  72  5:42  Marine x2  
  72  5:43  Marauder  
  72  5:44  SCV x2  
  78  5:50  Combat Shield  
  78  5:56  SCV  
  79  5:57  Marauder  
  79  6:02  Supply Depot  
  79  6:03  SCV  
  82  6:04  Refinery  
  82  6:05  Marine x2  
  82  6:08  SCV  
  83  6:14  Widow Mine x2  
  83  6:15  SCV  
  83  6:16  Supply Depot, Terran Infantry Weapons Level 1  
  85  6:20  Marauder  
  85  6:21  Marine  
  85  6:23  Marine  
  89  6:29  Supply Depot  
  89  6:32  SCV  
  90  6:34  Medivac  
  92  6:40  Command Center  
  92  6:41  Medivac  
  92  6:42  Marine  
  92  6:43  Marine  
  92  6:46  Marauder  
  98  6:49  Marauder  
  98  6:53  Barracks  
  100  6:59  Barracks  
  100  7:02  Widow Mine x2  
  100  7:05  Marine, Supply Depot  
  105  7:13  Marauder x2  
  105  7:14  SCV x2  
  108  7:21  Medivac  
  110  7:27  Medivac  
  110  7:29  Marine x2  
  114  7:38  Marauder x2  
  114  7:40  Barracks Tech Lab  
  114  7:43  Supply Depot  
  118  7:44  Supply Depot  
  118  7:45  Barracks Reactor  
  118  7:51  Marine  
  118  7:52  Widow Mine x2  
  118  7:56  Medivac  
  125  7:59  Marauder  
  127  8:06  Concussive Shells  
  127  8:07  SCV  
  127  8:08  SCV, Supply Depot  
  129  8:13  Widow Mine x2  
  129  8:14  Marauder x2, Marine  
  138  8:21  Viking  
  138  8:24  Orbital Command  
  140  8:28  SCV x2  
  140  8:30  Terran Infantry Armor Level 1  
  144  8:34  Marauder  
  144  8:38  Viking  
  146  8:43  SCV  
  146  8:49  Starport  
  146  8:52  Marauder x2  
  146  8:54  SCV x2  
  153  8:55  Marauder  
  153  9:00  Supply Depot  
  153  9:01  Bunker  
  153  9:07  SCV  
  153  9:08  Marine x2  
  139  9:14  Marauder x2, Viking  
  142  9:17  SCV x2  
  142  9:21  Viking  
  142  9:23  SCV  
  141  9:29  SCV  
  141  9:30  Marine  
  142  9:31  Marauder  
  142  9:35  SCV x2  
  140  9:41  SCV  
  140  9:42  Marine  
  140  9:43  Marauder x2  
  146  9:49  Marine  
  146  9:51  SCV  
  144  9:52  Marauder  
  144  9:59  Viking x2  
  148  10:01  Supply Depot  
  148  10:03  Supply Depot  
  148  10:04  Supply Depot, Marauder  
  149  10:07  Marine x2  
  149  10:08  Marauder  
  149  10:11  Marine  
  149  10:12  Marine  
  127  10:14  SCV  
  127  10:16  SCV  
Show
View Real Time Build Order
Export as new Build Order

SKillous Protoss - Winner!

Build Orders: 1 Gate Expand, Blink Stalkers 

Get SALT Encoding   

  12  0:00  Probe  
  13  0:12  Probe  
  14  0:17  Pylon  
  14  0:23  Probe  
  15  0:31  Probe  
  16  0:36  Gateway  
  16  0:39  Probe  
  16  0:46  Assimilator  
  17  0:51  Probe  
  18  1:03  Probe  
  19  1:15  Probe  
  20  1:22  Nexus  
  20  1:32  Cybernetics Core  
  20  1:34  Probe  
  20  1:38  Assimilator  
  21  1:46  Probe  
  22  1:49  Pylon  
  22  1:58  Probe, Adept  
  23  2:09  Warp Gate  
  23  2:10  Probe  
  26  2:17  Twilight Council  
  26  2:22  Probe  
  27  2:25  Stalker  
  27  2:27  Blink  
  29  2:31  Probe  
  29  2:34  Probe  
  31  2:39  Probe  
  32  2:46  Probe  
  32  2:49  Probe  
  33  2:56  Shield Battery  
  33  3:00  Probe  
  33  3:04  Probe  
  35  3:08  Shield Battery  
  35  3:11  Stalker  
  35  3:12  Probe  
  35  3:18  Probe  
  39  3:26  Probe, Gateway  
  40  3:34  Robotics Facility  
  40  3:38  Probe x2  
  40  3:41  Pylon  
  42  3:50  Probe  
  42  3:51  Probe  
  44  3:57  Stalker  
  44  4:02  Probe  
  47  4:05  Probe  
  47  4:08  Nexus  
  48  4:13  Pylon  
  49  4:17  Probe  
  49  4:21  Observer  
  49  4:22  Stalker  
  49  4:23  Stalker  
  54  4:27  Assimilator  
  54  4:31  Probe x2  
  54  4:37  Pylon, Charge  
  54  4:43  Probe x2  
  54  4:45  Stalker  
  58  4:46  Stalker  
  60  4:53  Observer  
  60  4:58  Gateway  
  60  4:59  Gateway  
  61  5:02  Gateway  
  61  5:03  Probe x2  
  63  5:09  Gateway  
  63  5:12  Probe x2  
  63  5:15  Stalker  
  63  5:17  Probe  
  63  5:19  Stalker  
  70  5:22  Probe  
  70  5:23  Probe  
  70  5:25  Probe  
  72  5:33  Probe  
  74  5:36  Probe, Gateway  
  74  5:37  Probe  
  74  5:39  Pylon  
  74  5:40  Gateway  
  76  5:44  Probe, Pylon  
  76  5:45  Probe  
  76  5:48  Pylon  
  78  5:52  Probe  
  78  5:55  Probe  
  76  5:57  Probe  
  76  6:01  Zealot x3  
  76  6:03  Observer  
  84  6:09  Probe  
  84  6:12  Probe x2  
  84  6:20  Assimilator  
  84  6:21  Probe  
  84  6:23  Observer  
  84  6:24  Probe x2  
  84  6:25  Robotics Bay  
  87  6:26  Forge, Zealot x3  
  87  6:28  Pylon  
  94  6:33  Pylon  
  94  6:38  Zealot x4  
  102  6:45  Sentry  
  104  6:48  Zealot x3, Protoss Ground Weapons Level 1  
  104  6:52  Pylon  
  110  7:01  Colossus  
  110  7:02  Pylon  
  109  7:09  Extended Thermal Lance  
  109  7:10  Probe  
  116  7:17  Zealot x6  
  128  7:28  Probe  
  127  7:30  Probe x2, Nexus  
  127  7:36  Probe  
  130  7:38  Probe x2  
  130  7:42  Forge  
  133  7:44  Pylon  
  133  7:46  Probe x2  
  133  7:47  Colossus  
  136  7:54  Pylon  
  137  7:58  Pylon  
  137  8:03  Shield Battery  
  141  8:09  Probe  
  141  8:11  Probe  
  141  8:12  Pylon  
  143  8:13  Probe  
  143  8:14  Photon Cannon  
  143  8:16  Protoss Ground Armor Level 1  
  144  8:21  Probe  
  144  8:23  Probe  
  144  8:24  Pylon  
  144  8:25  Probe  
  147  8:31  Colossus  
  147  8:32  Zealot x8  
  147  8:33  Probe  
  162  8:35  Probe  
  162  8:37  Probe  
  162  8:39  Pylon  
  166  8:53  Zealot x7  
  176  8:55  Zealot  
  177  9:05  Probe  
  157  9:14  Probe x2  
  157  9:16  Warp Prism  
  153  9:21  Zealot x6  
  157  9:26  Probe  
  157  9:28  Probe  
  157  9:29  Probe  
  160  9:31  Nexus  
  160  9:36  Stalker  
  160  9:37  Stalker  
  152  9:39  Pylon  
  152  9:41  Probe  
  143  9:53  Zealot x6  
  143  9:57  Probe x2  
  143  9:59  Probe x2  
  157  10:09  Zealot x2, Probe  
  157  10:11  Probe  
  133  10:15  Zealot x3  
  133  10:16  Zealot x3  
Tags
 
Add a new tag
Caveats
  • Supply blocks, unpowered buildings, or Contaminate may cause inaccurate times.
  • Supply counts are checked every 10 seconds.